 Dungeon Crawl Stone Soup version 0.19-a0-854-gc78d25d (webtiles) character file.

284 Implojin the Chopper (level 6, 0/51 HPs)
             Began as a Minotaur Fighter on July 2, 2016.
             Succumbed to an adder's poison
             ... on level 4 of the Dungeon.
             The game lasted 00:02:13 (316 turns).

Implojin the Chopper (Minotaur Fighter)              Turns: 316, Time: 00:02:13

Health: 0/51       AC:  6    Str: 26    XL:     6   Next: 7%
Magic:  5/5        EV:  7    Int:  5    God:
Gold:   0          SH: 10    Dex: 11    Spells: 0 memorised, 5 levels left

rFire  . . .     SeeInvis .     a - +0 war axe
rCold  . . .     Gourm    .     b - +0 scale mail
rNeg   . . .     Faith    .     c - +0 shield
rPois  .         Spirit   .     (helmet restricted)
rElec  .         Dismiss  .     (no cloak)
rCorr  .         Reflect  .     (no gloves)
SustAt .         Harm     .     (no boots)
MR     .....                    h - amulet of regeneration
Stlth  ..........               (no ring)
                                (no ring)

@: mighty, lethally poisoned (0 -> -3), not resistant to hostile enchantments,
extremely unstealthy
A: retaliatory headbutt, horns 2
a: no special abilities


You were on level 4 of the Dungeon.
You were not hungry.

You visited 1 branch of the dungeon, and saw 4 of its levels.
You also visited: Sewer.

Inventory:

Hand Weapons
 a - a +0 war axe (weapon)
Armour
 b - a +0 scale mail (worn)
 c - a +0 shield (worn)
Jewellery
 h - an amulet of regeneration (around neck)
Scrolls
 e - a scroll of identify {unknown}
 j - a scroll of blinking {unknown}
 k - a scroll of fog {unknown}
 l - a scroll of fear {unknown}
Potions
 i - a potion of curing {unknown}
Comestibles
 f - a bread ration
 g - a royal jelly


   Skills:
 - Level 3.6 Fighting
 * Level 7.7 Axes
 - Level 3.6 Armour
 - Level 3.6 Shields


You had 5 spell levels left.
You didn't know any spells.

Dungeon Overview and Level Annotations

Branches:
Dungeon (4/15)
 Temple: D:4-7

Altars:


Innate Abilities, Weirdness & Mutations

You reflexively headbutt those who attack you in melee.
You have a pair of horns on your head.


Message History

You feel sick. You block the ogre's attack.
Unknown command.
You slash the ogre!
You kill the ogre!
Your Axes skill increases to level 7!
The worker ant closely misses you.
Unknown command.
You slice the worker ant!!
You kill the worker ant!
You have reached level 6!
Your experience leads to an increase in your attributes!
Your base attributes are Str 21, Int 5, Dex 10.
Increase (S)trength, (I)ntelligence, or (D)exterity?
You feel agile.
An adder and a jackal come into view.
The jackal barks!
The adder hisses angrily.
The jackal bites you but does no damage.
The jackal bites you.
* * * LOW HITPOINT WARNING * * *
Things that are here:
a giant club; an ogre corpse Unknown command.
Your shield and scale mail prevent you from hitting the jackal.
Your headbutt misses the jackal.
You feel sick.
You are no longer poisoned.
You block the jackal's attack.
Unknown command.
You closely miss the adder. You slash the jackal!
You kill the jackal!
The adder bites you.
* * * LOW HITPOINT WARNING * * *
You are poisoned.
The adder poisons you! The adder bites you.
* * * LOW HITPOINT WARNING * * *
You are more poisoned.
The adder poisons you!
Unknown command.
You slash the adder!
The adder is almost dead.
You die...

... # #.#
### #. #.#
..
###.##.##.
.......(#
=.##......#
........#†#
#....#.#
#...S@.#
#...#$.#
.........#
#.#######.#
# #.# #.#
###


You could see an adder.

Vanquished Creatures
  The ghost of rageheart7 the Cudgeler, an amateur DsFi (D:4)
  An ogre (D:4)
  A worker ant (D:4)
  2 adders
  An ooze (D:2)
  A worm (D:3)
  2 giant geckos
  A giant cockroach (D:3)
  A goblin (D:1)
  9 jackals
  A ball python (D:3)
  3 giant newts
  6 rats
30 creatures vanquished.

Notes
Turn   | Place    | Note
-------+----------+-------------------------------------------
     0 | D:1      | Implojin the Minotaur Fighter began the quest for the Orb.
     0 | D:1      | Reached XP level 1. HP: 19/19 MP: 0/0
    45 | D:1      | Reached skill level 3 in Axes
    48 | D:1      | Reached XP level 2. HP: 22/26 MP: 1/1
   147 | D:2      | Reached skill level 4 in Axes
   213 | D:3      | Reached XP level 3. HP: 31/31 MP: 2/2
   226 | D:3      | Found a glowing drain.
   230 | Sewer    | Entered a sewer
   298 | D:4      | Noticed an ogre
   299 | D:4      | Noticed rageheart7's ghost (amateur DsFi)
   307 | D:4      | Killed rageheart7's ghost
   307 | D:4      | Reached skill level 6 in Axes
   307 | D:4      | Reached XP level 4. HP: 4/39 MP: 3/3
   307 | D:4      | Reached XP level 5. HP: 5/45 MP: 4/4
   311 | D:4      | Killed an ogre
   311 | D:4      | Reached skill level 7 in Axes
   312 | D:4      | Reached XP level 6. HP: 8/51 MP: 5/5
   315 | D:4      | HP: 1/51 [adder (3)]
   316 | D:4      | Succumbed to an adder's poison

Vault maps used:
D:1:      mrwooster_arrival_statue_3, serial_glass, glass_columns_a,
          glass_columns_c, glass_columns_a, glass_columns_a
D:2:      nicolae_overflow_crystal_walls
D:3:      minmay_wonky_spiral, gup_sewer_entry_bowl, fedhas_altar_3
D:4:      uniq_duvessa, uniq_crazy_yiuf_cottage, uniq_sigmund
Sewer:    sewer_sea

Skill      XL: |  1  2  3  4  5 |
---------------+----------------+-----
Axes           | 3 4 6 7 |  7.7
Fighting       | |  3.6
Armour         | |  3.6
Shields        | |  3.6

Action                   |  1- 3 |  4- 6 || total
-------------------------+-------+-------++-------
Melee: War axe           |    53 |     8 ||    61
       Headbutt          |     8 |     1 ||     9
  Use: Potion            |     1 |       ||     1
Armor: Scale mail        |    23 |     1 ||    24
Dodge: Dodged            |    24 |     1 ||    25
Block: Shield            |    23 |     3 ||    26

Table legend:
 A = Turns spent in this place as a percentage of turns spent in the entire game.
 B = Non-inter-level travel turns spent in this place as a percentage of non-inter-level travel turns spent in the entire game.
 C = Inter-level travel turns spent in this place as a percentage of turns spent in this place.
 D = Turns resting spent in this place as a percentage of non-inter-level travel turns spent in this place.
 E = Turns spent auto-exploring this place as a percentage of non-inter-level travel turns spent in this place.
 F = Non-inter-level travel turns spent in this place divided by the number of levels of this place that you've seen.
                   A       B       C       D       E      F
               +-------+-------+-------+-------+-------+----------------------
         Total | 100.0 | 100.0 |   0.0 |   0.0 |   0.0 |  66.2
       Dungeon |  84.6 |  84.6 |   0.0 |   0.0 |   0.0 |  70.0
         Sewer |  15.4 |  15.4 |   0.0 |   0.0 |   0.0 |  51.0
               +-------+-------+-------+-------+-------+----------------------

Table legend:
 A = Kills in this place as a percentage of kills in entire the game.
 B = Kills by you in this place as a percentage of kills by you in the entire game.
 C = Kills by friends in this place as a percentage of kills by friends in the entire game.
 D = Other kills in this place as a percentage of other kills in the entire game.
 E = Experience gained in this place as a percentage of experience gained in the entire game.
 F = Experience gained in this place divided by the number of levels of this place that you have seen.
                   A       B       C       D       E      F
               +-------+-------+-------+-------+-------+----------------------
         Total | 100.0 | 100.0 |  -nan |  -nan | 100.0 |  81.2
       Dungeon |  83.3 |  83.3 |  -nan |  -nan |  98.3 |  99.8
         Sewer |  16.7 |  16.7 |  -nan |  -nan |   1.7 |   7.0
               +-------+-------+-------+-------+-------+----------------------
